Map: 로스트 앤 파운드 - 래더

Players

DnS - Winner!

  • Race: Protoss Protoss
  • Spawn Location: 7:00

Rommeo

  • Race: Zerg Zerg
  • Spawn Location: 1:00

Event: WCS Valencia 2018

VOD

Have the link to the VOD?

Description

Time

  • Played on: July 12, 2018, 6:22 a.m.
  • Length: 7:14

All games in this series

Show
View Real Time Build Order
Export as new Build Order

DnS Protoss - Winner!

Build Orders: 1 Gate Expand, Oracle Opening, Zealot Archon, Archon Drop 

Get SALT Encoding   

  12  0:00  Probe  
  13  0:12  Probe  
  14  0:19  Pylon  
  14  0:24  Probe  
  15  0:33  Probe  
  15  0:38  Gateway  
  15  0:41  Probe  
  16  0:46  Assimilator  
  17  0:51  Probe  
  18  1:03  Probe  
  19  1:15  Probe  
  20  1:23  Nexus  
  20  1:32  Cybernetics Core  
  20  1:35  Probe  
  21  1:40  Assimilator  
  21  1:47  Probe  
  21  1:50  Pylon  
  22  1:59  Probe  
  22  2:00  Adept  
  23  2:11  Probe  
  26  2:17  Stargate  
  26  2:18  Adept  
  26  2:23  Probe  
  29  2:31  Probe  
  29  2:33  Warp Gate  
  29  2:35  Probe  
  31  2:39  Probe  
  32  2:45  Adept  
  32  2:47  Probe  
  32  2:49  Probe  
  36  2:55  Oracle  
  36  3:00  Probe  
  36  3:01  Probe  
  41  3:12  Pylon, Probe  
  42  3:17  Gateway  
  42  3:21  Adept  
  42  3:22  Probe  
  42  3:24  Probe  
  42  3:26  Oracle  
  44  3:35  Shield Battery  
  45  3:42  Probe  
  45  3:43  Gateway, Probe  
  45  3:47  Pylon  
  47  3:49  Adept  
  47  3:55  Probe x2  
  51  4:02  Pylon  
  51  4:03  Pylon  
  51  4:06  Shield Battery  
  51  4:09  Oracle  
  54  4:13  Probe x2  
  54  4:16  Assimilator  
  56  4:18  Assimilator  
  56  4:25  Probe x2  
  56  4:29  Pylon  
  58  4:36  Robotics Facility  
  58  4:37  Probe  
  58  4:38  Probe  
  60  4:40  Pylon  
  60  4:44  Twilight Council  
  60  4:57  Charge  
  60  5:00  Gateway  
  60  5:01  Gateway  
  60  5:03  Gateway  
  60  5:11  Gateway  
  60  5:13  Gateway  
  60  5:24  Templar Archives  
  60  5:25  Warp Prism  
  62  5:28  Zealot x3  
  62  5:35  Pylon x2  
  68  5:46  Nexus  
  68  5:49  Pylon  
  68  6:02  Pylon  
  68  6:08  High Templar  
  68  6:09  High Templar x3  
  68  6:10  Zealot x4  
  84  6:12  Archon  
  84  6:13  Archon  
  84  6:32  Observer  
  84  6:38  Pylon  
  84  6:49  Zealot x8  
  100  7:09  Zealot x2  
  100  7:10  Zealot x6  
Show
View Real Time Build Order
Export as new Build Order

Rommeo Zerg 

Build Orders: Hatch First 

Get SALT Encoding   

  12  0:01  Drone  
  13  0:13  Overlord  
  13  0:17  Drone  
  14  0:31  Drone x2  
  16  0:35  Drone  
  17  0:53  Hatchery  
  17  0:55  Drone  
  17  0:58  Drone  
  18  1:10  Extractor  
  17  1:14  Spawning Pool  
  17  1:16  Drone  
  17  1:19  Drone  
  18  1:30  Drone  
  19  1:39  Overlord  
  19  1:53  Drone  
  20  2:00  Queen  
  22  2:01  Zergling x2  
  22  2:07  Zergling x2  
  22  2:08  Queen  
  24  2:13  Drone  
  24  2:14  Metabolic Boost  
  27  2:23  Drone x2  
  29  2:36  Baneling Nest  
  28  2:42  Queen  
  28  2:44  Queen  
  32  3:09  Zergling x4  
  32  3:10  Zergling x4  
  36  3:14  Overlord  
  31  3:43  Drone x4  
  31  3:44  Drone  
  31  3:47  Hatchery  
  35  3:49  Drone x3  
  38  3:56  Drone x2  
  38  3:57  Overlord  
  40  4:05  Drone  
  40  4:06  Drone x3  
  44  4:14  Spore Crawler  
  44  4:16  Spore Crawler  
  42  4:28  Drone x4  
  42  4:31  Drone x2  
  47  4:36  Overlord  
  48  4:42  Extractor, Lair  
  47  4:46  Overlord  
  47  4:59  Drone x2  
  50  5:00  Drone  
  50  5:01  Drone  
  50  5:02  Zergling x8  
  50  5:03  Zergling x2  
  56  5:13  Spore Crawler  
  45  5:22  Spore Crawler  
  45  5:28  Queen  
  46  5:29  Drone x2  
  46  5:33  Queen, Drone x2  
  52  5:51  Hydralisk Den  
  52  5:52  Spore Crawler  
  52  5:55  Spore Crawler  
  49  6:02  Drone x2  
  49  6:03  Drone x3  
  49  6:04  Drone x2  
  56  6:07  Drone x2  
  56  6:08  Drone  
  59  6:16  Drone  
  59  6:18  Drone x3  
  61  6:19  Drone x2  
  61  6:25  Hydralisk  
  65  6:26  Hydralisk x3  
  70  6:44  Hydralisk  
  70  6:45  Hydralisk  
  74  6:47  Overlord x2  
  74  6:49  Baneling  
  74  6:50  Baneling x4  
Tags
 
Add a new tag
Caveats
  • Supply blocks, unpowered buildings, or Contaminate may cause inaccurate times.
  • Supply counts are checked every 10 seconds.